 Dungeon Crawl Stone Soup version 0.25.0-65-g31bcc41 (webtiles) character file.

182090 Dorkslayer the Carver (level 17, -27/150 HPs)
             Began as a Demonspawn Fighter on Oct 31, 2020.
             Was the Champion of Okawaru.
             Killed from afar by a thorn hunter (31 damage)
             ... with a volley of thorns
             ... in the Swamp.
             The game lasted 00:33:51 (5442 turns).

Dorkslayer the Carver (Demonspawn Fighter)          Turns: 5442, Time: 00:33:52

Health: -27/150    AC: 36    Str: 22    XL:     17   Next: 70%
Magic:  0/27       EV:  5    Int: 12    God:    Okawaru [******]
Gold:   154        SH: 12    Dex: 12    Spells: 16/16 levels left

rFire    + + .     SeeInvis +   x - +3 scimitar (flame)
rCold    + . .     Gourm    .   c - +0 shield
rNeg     . . .     Faith    .   o - +5 crystal plate armour
rPois    +         Spirit   +   u - +0 helmet
rElec    +         Reflect  .   t - +0 cloak
rCorr    +         Harm     .   (gloves unavailable)
MR       ++...                  P - +0 pair of boots
Stlth    ..........             h - amulet of regeneration
HPRegen  0.75/turn              l - ring of see invisible
MPRegen  0.40/turn              (no ring)

@: resistant, hasted, very quick
A: claws 3, molten scales 3, magic resistance 1, robust 1, spiny 1, wild magic
1, magic shield, magic regeneration
a: Heroism, Finesse, Renounce Religion


You were in the Swamp.
You worshipped Okawaru.
Okawaru was exalted by your worship.
You were not hungry.

You visited 4 branches of the dungeon, and saw 6 of its levels.

You collected 1269 gold pieces.
You spent 1115 gold pieces at shops.

Inventory:

Hand Weapons
 a - a +1 long sword
 n - a +5 long sword
 x - a +3 scimitar of flaming (weapon)
 y - the +11 falchion of Nucir {vamp, Str+4}
   (Okawaru gifted it to you on level 2 of the Dungeon)

   It inflicts no extra harm, but heals its wielder when it wounds a living foe.
   It affects your strength (+4).
 N - a +0 demon blade of electrocution
Missiles
 q - 43 poisoned needles
 B - 3 javelins of returning
 G - a javelin of penetration (quivered)
 L - 5 tomahawks
Armour
 c - a +0 shield (worn)
 o - a +5 crystal plate armour (worn)
 t - a +0 cloak (worn)
 u - a +0 helmet (worn)
 P - a +0 pair of boots (worn)
Jewellery
 h - an amulet of regeneration (around neck)
 l - a ring of see invisible (left claw)
Wands
 e - a wand of flame (35)
 k - a wand of iceblast (15)
 s - a wand of polymorph (6)
 A - a wand of disintegration (13)
 D - a wand of scattershot (4)
 H - a wand of paralysis (15)
 O - a wand of acid (5)
Scrolls
 b - 7 scrolls of remove curse
 d - 4 scrolls of teleportation
 i - 4 scrolls of amnesia
 j - a scroll of silence
 p - a scroll of fear
 E - a scroll of magic mapping
 F - a scroll of immolation
 J - a scroll of blinking
Potions
 g - a potion of magic
 r - a potion of resistance
 v - a potion of might
 w - a potion of heal wounds {unknown}
 C - a potion of mutation
 I - a potion of brilliance
 K - a potion of ambrosia {unknown}
Miscellaneous
 z - a lightning rod (4/4)
 Q - a lamp of fire
Comestibles
 f - 14 rations
 m - 5 chunks of flesh


   Skills:
 * Level 13.6 Fighting
 * Level 14.6 Long Blades
 + Level 4.2 Throwing
 * Level 13.4 Armour
 + Level 3.2 Dodging
 - Level 0.5 Stealth
 + Level 11.4 Shields
 * Level 14.6 Invocations
 * Level 11.2 Evocations


You had 16 spell levels left.
You didn't know any spells.
Your spell library contained the following spells:

 Spells                   Type           Power        Failure   Level  Hunger
 Animate Skeleton         Necr           N/A          100%        1    ##.....
 Corona                   Hex            #......      100%        1    ##.....
 Pain                     Necr           #...         100%        1    ##.....
 Blink                    Tloc           N/A          100%        2    ###....
 Shroud of Golubria       Chrm/Tloc      #.........   100%        2    ###....
 Slow                     Hex            #.......     100%        2    ###....
 Gell's Gravitas          Tloc           #.........   100%        3    ####...
 Inner Flame              Hex/Fire       #.......     100%        3    ####...
 Lesser Beckoning         Tloc           #.........   100%        3    ####...
 Portal Projectile        Hex/Tloc       #.....       100%        3    ####...
 Regeneration             Chrm/Necr      #.........   100%        3    ####...
 Teleport Other           Tloc           #.......     100%        3    ####...
 Vampiric Draining        Necr           #.........   100%        3    ####...
 Animate Dead             Necr           N/A          100%        4    #####..
 Cause Fear               Hex            #.........   100%        4    #####..
 Leda's Liquefaction      Hex/Erth       #.........   100%        4    #####..
 Passage of Golubria      Tloc           N/A          100%        4    #####..


Dungeon Overview and Level Annotations

Branches:
Dungeon (3/3)              Temple (1/1) D:1           Swamp (1/1) D:3
 Spider (0/1) D:2           Slime (0/1) D:3             Orc (1/1) D:2
    Elf (0/1) Orc          Vaults (0/1) D:2          Depths (0/1) D:3

Altars:
Ashenzari
Dithmenos
Elyvilon
Fedhas
Gozag
Hepliaklqana
Kikubaaqudgha
Nemelex Xobeh
Okawaru
Ru
Sif Muna
Trog
Yredelemnul
Zin
Jiyva

Shops:
Orc !(}*


Innate Abilities, Weirdness & Mutations

You have claws for hands.
You are completely covered in molten scales. (AC +4, rF+)
You are partially covered in sharp spines.
When hurt, damage is shared between your health and your magic reserves.
You regenerate magic rapidly.
You are resistant to hostile enchantments. (MR+)
You are robust. (+10% HP)
Your spells are a little harder to cast, but a little more powerful.


Message History

You hit the thorn hunter but do no damage.
The thorn hunter is heavily damaged.
The thorn hunter hits you!
* * * LOW HITPOINT WARNING * * *
The thorn hunter completely misses you.
An eight-headed hydra comes into view.
Okay, then.
You slice the thorn hunter!! You burn the thorn hunter.
The thorn hunter is severely damaged.
The briar patch crumbles away.
You hit the thorn hunter. You burn the thorn hunter.
The thorn hunter is almost destroyed.
The thorn hunter hits you but does no damage.
You block the thorn hunter's attack.
You hit the thorn hunter. You burn the thorn hunter.
The thorn hunter is almost destroyed.
The thorn hunter gestures.
The thorn hunter fires a volley of thorns at you.
The volley of thorns hits you!
You die...

♣.....≈≈...≈≈≈≈..≈.≈≈≈≈.
≈.≈...≈≈≈≈≈≈≈≈≈≈.≈≈≈≈≈..
......≈≈≈..≈≈≈≈≈.......≈
≈...≈......≈D≈≈(.♣♣♣.≈.♣
≈.♣.≈≈≈...≈≈D≈≈.≈♣ ≈≈≈♣
≈..≈≈≈≈..(≈≈≈≈≈.§♣ ≈.♣
≈≈..≈≈.......≈≈.♣♣♣ .♣
...≈≈....≈≈≈...≈f≈♣♣
♣♣.≈≈≈≈.≈≈≈≈..♣.@≈$♣
....≈≈≈.≈≈≈.≈♣♣≈≈≈.♣
≈≈..≈≈≈....≈♣♣♣♣...♣
≈≈...≈))...♣♣ ♣≈.≈.♣
≈≈.♣≈)<.≈≈♣♣ ♣≈P≈PP♣
...♣♣♣♣...♣


♣PPPPP♣ ♣♣♣♣ ♣♣♣♣♣ ♣♣≈P♣♣♣ ♣♣♣♣ You could see a thorn hunter, an eight-headed
hydra and a swamp dragon.

Vanquished Creatures
  An ironheart preserver (D:2)
  A fire dragon (D:2)
  4 hydras
  2 death knights
  2 centaur warriors (D:3)
  10 two-headed ogres
  2 unseen horrors
  2 skeletal warriors (D:3)
  2 swamp dragons (Swamp)
  A flayed ghost (D:2)
  A glowing orange brain (D:3)
  An orc knight (Orc)
  A deep elf archer (D:3)
  A wolf spider (D:3)
  A cyclops (shapeshifter) (D:3)
  A deep elf mage (D:3)
  6 ugly things
  2 cyclopes (D:3)
  A centaur zombie (D:2)
  2 gargoyles (D:3)
  A kobold demonologist (D:2)
  An efreet (D:3)
  2 komodo dragons (D:3)
  A yaktaur (shapeshifter) (D:3)
  A yaktaur (D:3)
  A tyrant leech (Swamp)
  A meliai (D:3)
  5 hornets
  A jumping spider (D:2)
  A troll (Orc)
  8 slime creatures
  A shadow (D:2)
  A wyvern (D:2)
  3 spriggans (Swamp)
  A wraith (D:3)
  A yak (D:2)
  2 basilisks (shapeshifter) (D:3)
  A basilisk (D:3)
  2 swamp worms
  3 vampire mosquitoes
  3 hungry ghosts (D:2)
  2 wargs (Orc)
  A water moccasin (D:2)
  2 ice beasts (D:2)
  4 orc warriors (Orc)
  2 eyes of draining
  13 ogres
  2 scorpions
  6 wights
  2 howler monkeys (D:1)
  2 bullfrog zombies (D:2)
  2 orc priests (Orc)
  A bullfrog skeleton (D:2)
  A jelly (D:2)
  5 orc wizards
  Terence (D:2)
  Natasha (thrice) (D:2)
  An iguana (D:2)
  3 worker ants
  Robin (D:2)
  2 adders (D:1)
  A gnoll (Orc)
  An adder skeleton (D:1)
  A leopard gecko (D:1)
  12 orcs
  A bat zombie (D:2)
  4 goblins (D:2)
  2 hobgoblins (D:2)
163 creatures vanquished.

Vanquished Creatures (collateral kills)
  4 ogre magi (Orc)
  5 two-headed ogres (Orc)
  19 ogres (Orc)
  A gnoll sergeant (Orc)
  An orc priest (Orc)
  3 orc wizards (Orc)
  3 gnolls (Orc)
  4 orcs (Orc)
40 creatures vanquished.

Vanquished Creatures (others)
  A shadow (D:3)
1 creature vanquished.

Grand Total: 204 creatures vanquished

Notes
Turn   | Place    | Note
-------+----------+-------------------------------------------
     0 | D:1      | Dorkslayer the Demonspawn Fighter began the quest for the
                  | Orb.
     0 | D:1      | Reached XP level 1. HP: 18/18 MP: 1/1
   159 | D:1      | Noticed an orc wizard
   162 | D:1      | Noticed an ogre
   163 | D:1      | Noticed a worker ant
   175 | D:1      | Gained mutation: When hurt, damage is shared between your
                  | health and your magic reserves. [demonic ancestry]
   175 | D:1      | Reached XP level 2. HP: 24/24 MP: 2/2
   178 | D:1      | Reached XP level 3. HP: 30/30 MP: 3/3
   178 | D:1      | Reached XP level 4. HP: 37/37 MP: 4/4
   178 | D:1      | Gained mutation: You have sharp fingernails. [demonic
                  | ancestry]
   178 | D:1      | Reached XP level 5. HP: 42/42 MP: 5/5
   188 | D:1      | Killed an ogre
   188 | D:1      | Reached XP level 6. HP: 41/50 MP: 3/6
   188 | D:1      | Gained mutation: You are partially covered in molten
                  | scales. (AC +2) [demonic ancestry]
   188 | D:1      | Reached XP level 7. HP: 45/55 MP: 3/7
   374 | D:1      | Reached skill level 5 in Fighting
   374 | D:1      | Reached skill level 1 in Dodging
   386 | D:1      | Reached skill level 5 in Long Blades
   386 | D:1      | Reached skill level 5 in Armour
   386 | D:1      | Reached skill level 5 in Shields
   386 | D:1      | Gained mutation: You have very sharp fingernails. [demonic
                  | ancestry]
   386 | D:1      | Reached XP level 8. HP: 28/63 MP: 3/8
   607 | D:1      | Found a faded altar of an unknown god.
   607 | D:1      | Found a deep blue altar of Sif Muna.
   620 | D:1      | Found a shadowy altar of Dithmenos.
   622 | D:1      | Found a faded altar of an unknown god.
   623 | D:1      | Found a sparkling altar of Nemelex Xobeh.
   661 | D:1      | Found a staircase to the Ecumenical Temple.
   667 | D:1      | Found a blossoming altar of Fedhas.
   687 | Temple   | Entered the Ecumenical Temple
   759 | Temple   | Became a worshipper of Warmaster Okawaru
   826 | D:1      | Reached skill level 1 in Invocations
   854 | D:1      | Gained mutation: You are mostly covered in molten scales.
                  | (AC +3) [demonic ancestry]
   854 | D:1      | Reached XP level 9. HP: 57/69 MP: 8/10
   876 | D:1      | Reached * piety under Okawaru
  1226 | D:1      | Reached ** piety under Okawaru
  1237 | D:2      | Gained mutation: You are partially covered in sharp spines.
                  | [demonic ancestry]
  1237 | D:2      | Reached XP level 10. HP: 50/76 MP: 8/13
  1277 | D:2      | Noticed a flayed ghost
  1298 | D:2      | Killed a flayed ghost
  1298 | D:2      | Reached *** piety under Okawaru
  1312 | D:2      | Noticed a two-headed ogre
  1331 | D:2      | Killed a two-headed ogre
  1331 | D:2      | Reached **** piety under Okawaru
  1331 | D:2      | Reached ***** piety under Okawaru
  1331 | D:2      | Received a gift from Okawaru
  1331 | D:2      | Reached skill level 10 in Long Blades
  1331 | D:2      | Reached XP level 11. HP: 16/84 MP: 3/16
  1351 | D:2      | Gained mutation: You are weak. (Str -2) [potion of
                  | mutation]
  1351 | D:2      | Gained mutation: You evolve. [potion of mutation]
  1609 | D:2      | Noticed a green ugly thing
  1626 | D:2      | Killed a green ugly thing
  1740 | D:2      | Received a gift from Okawaru
  1749 | D:2      | Noticed Natasha
  1756 | D:2      | Killed Natasha
  1757 | D:2      | Found a staircase to the Orcish Mines.
  1835 | D:2      | Reached XP level 12. HP: 91/92 MP: 16/18
  1843 | D:2      | Found a hole to the Spider Nest.
  1891 | D:2      | Reached skill level 5 in Evocations
  1940 | D:2      | Lost mutation: You are weak. (Str -2) [potion of mutation]
  1940 | D:2      | Lost mutation: You evolve. [potion of mutation]
  1940 | D:2      | Gained mutation: You are resistant to hostile enchantments.
                  | (MR+) [potion of mutation]
  1940 | D:2      | Gained mutation: You are robust. (+10% HP) [potion of
                  | mutation]
  1940 | D:2      | Gained mutation: Your spells are a little harder to cast,
                  | but a little more powerful. [potion of mutation]
  1956 | D:2      | Noticed Natasha
  1960 | D:2      | Killed Natasha
  1983 | D:2      | Reached skill level 1 in Throwing
  2014 | D:2      | Reached ****** piety under Okawaru
  2041 | D:2      | Noticed an ironheart preserver
  2044 | D:2      | Noticed a two-headed ogre
  2066 | D:2      | Noticed Natasha
  2073 | D:2      | Killed a two-headed ogre
  2073 | D:2      | Received a gift from Okawaru
  2079 | D:2      | Killed Natasha
  2090 | D:2      | Killed an ironheart preserver
  2090 | D:2      | Gained mutation: You are completely covered in molten
                  | scales. (AC +4, rF+) [demonic ancestry]
  2090 | D:2      | Reached XP level 13. HP: 82/110 MP: 16/20
  2175 | D:2      | Noticed Robin
  2187 | D:2      | Killed Robin
  2279 | D:2      | Reached skill level 10 in Invocations
  2291 | D:2      | Noticed a fire dragon
  2296 | D:2      | Killed a fire dragon
  2296 | D:2      | Reached skill level 10 in Armour
  2366 | D:2      | Received a gift from Okawaru
  2451 | D:2      | Found a gate to the Vaults.
  2495 | D:2      | Received a gift from Okawaru
  2496 | D:2      | Got a steaming falchion {god gift}
  2499 | D:2      | Identified the +11 falchion of Nucir {vamp, Str+4} (Okawaru
                  | gifted it to you on level 2 of the Dungeon)
  2787 | D:2      | Noticed Terence
  2800 | D:2      | Killed Terence
  2851 | D:3      | Entered Level 3 of the Dungeon
  2958 | D:3      | Reached skill level 10 in Fighting
  2958 | D:3      | Reached XP level 14. HP: 113/121 MP: 20/22
  3128 | D:3      | Received a gift from Okawaru
  3357 | D:3      | Received a gift from Okawaru
  3407 | D:3      | Received a gift from Okawaru
  3420 | D:3      | Got a brightly glowing hunting sling {god gift}
  3548 | D:3      | Found a viscous altar of Jiyva.
  3549 | D:3      | Found a staircase to the Slime Pits.
  3569 | D:3      | Received a gift from Okawaru
  3569 | D:3      | Reached XP level 15. HP: 122/129 MP: 20/24
  3716 | D:3      | Reached skill level 10 in Shields
  3779 | D:3      | Received a gift from Okawaru
  3956 | D:3      | Received a gift from Okawaru
  4037 | D:3      | Found a staircase to the Depths.
  4089 | D:3      | Received a gift from Okawaru
  4181 | D:3      | Gained mutation: You regenerate magic rapidly. [demonic
                  | ancestry]
  4181 | D:3      | Reached XP level 16. HP: 139/139 MP: 25/25
  4235 | Orc      | Entered the Orcish Mines
  4235 | Orc      | Found Latutsus's Weapon Emporium.
  4235 | Orc      | Found Douplism's Assorted Antiques.
  4245 | Orc      | Found a staircase to the Elven Halls.
  4245 | Orc      | Found Zarhiwn's Distillery.
  4245 | Orc      | Found Onirroer's Gadget Emporium.
  4246 | Orc      | Reached skill level 10 in Evocations
  4260 | Orc      | Received a gift from Okawaru
  4269 | Orc      | Received a gift from Okawaru
  4349 | Orc      | Received a gift from Okawaru
  4370 | Orc      | Gained mutation: You have claws for hands. [demonic
                  | ancestry]
  4370 | Orc      | Reached XP level 17. HP: 148/148 MP: 27/27
  4385 | Orc      | Got a scorched scimitar {god gift}
  4393 | Orc      | Identified the +5 scimitar of the Reaper {drain, MR+}
                  | (Okawaru gifted it to you in the Orcish Mines)
  4428 | Orc      | Bought a black potion for 25 gold pieces
  4428 | Orc      | Bought a long lead wand for 112 gold pieces
  4428 | Orc      | Bought a scroll labeled ZEESINN ZOASK for 28 gold pieces
  4428 | Orc      | Bought a potion of might for 112 gold pieces
  4428 | Orc      | Bought a scroll of identify for 56 gold pieces
  4430 | Orc      | Bought a potion of haste for 140 gold pieces
  4430 | Orc      | Bought a potion of flight for 42 gold pieces
  4903 | Orc      | Found a bloodstained altar of Trog.
  4948 | Orc      | Bought a lamp of fire for 600 gold pieces
  5241 | D:3      | Found a staircase to the Swamp.
  5257 | Swamp    | Entered the Swamp
  5338 | Swamp    | Received a gift from Okawaru
  5439 | Swamp    | HP: 3/150 [thorn hunter (10)]
  5442 | Swamp    | Killed from afar by a thorn hunter

Skill      XL: |  1  2  3  4  5  6  7  8  9 10 11 12 13 14 15 16 17 |
---------------+----------------------------------------------------+-----
Long Blades    | 2 4 5 6 8 10 11 12 13 14 | 14.6
Armour         | 3 4 5 6 7 9 10 11 12 13 | 13.4
Shields        | 3 4 5 6 7 8 9 10 11 | 11.4
Fighting       | 4 5 6 7 8 10 11 12 13 | 13.6
Dodging        | 1 2 3 |  3.2
Invocations    | 1 4 7 8 9 10 12 14 | 14.6
Evocations     | 3 4 6 7 8 9 10 11 | 11.2
Throwing       | 1 2 3 4 |  4.2
Stealth        | |  0.5

Action                   |  1- 3 |  4- 6 |  7- 9 | 10-12 | 13-15 | 16-18 || total
-------------------------+-------+-------+-------+-------+-------+-------++-------
Melee: Long sword        |    11 |    10 |    93 |   160 |    75 |       ||   349
       Falchion          |       |       |       |       |   216 |   161 ||   377
       Scimitar          |       |       |       |       |     3 |    30 ||    33
Throw: Javelin           |       |       |       |     6 |     9 |    10 ||    25
Invok: Heroism           |       |       |       |       |     1 |     3 ||     4
       Finesse           |       |       |       |       |     1 |     3 ||     4
Evoke: Wand              |       |       |       |     3 |    13 |     5 ||    21
       Box of beasts     |       |       |       |       |       |     6 ||     6
       Sack of spiders   |       |       |       |       |       |     1 ||     1
  Use: Potion            |     3 |       |       |     6 |       |     6 ||    15
       Scroll            |       |       |     8 |     8 |     9 |     2 ||    27
 Stab: Confused          |       |       |       |     2 |       |       ||     2
  Eat: Chunk             |       |       |     1 |     2 |     3 |       ||     6
       Ration            |       |       |       |     2 |     6 |     3 ||    11
Armor: Skin              |     5 |     7 |       |       |       |       ||    12
       Chain mail        |     2 |       |    32 |    15 |       |       ||    49
       Crystal plate arm |       |       |       |    72 |   112 |    89 ||   273
Dodge: Dodged            |     3 |       |    20 |    11 |    19 |    28 ||    81
Block: Shield            |     8 |     4 |    31 |    82 |   114 |    75 ||   314
       Rpst.: Long sword |     1 |       |    11 |     4 |     1 |       ||    17
       Falchion          |       |       |       |       |     4 |     4 ||     8
       Scimitar          |       |       |       |       |       |     1 ||     1
